 Dungeon Crawl Stone Soup version 0.31-a0-1447-g87ca8d402b (webtiles) character file.

Game seed: 4895061130010027245

61 Sonofthefire the Trooper (level 4, -4/33 HPs)
             Began as an Octopode Shapeshifter on Dec 27, 2023.
             Slain by a gnoll
             ... wielding a +0 spear
              (6 damage)
             ... on level 2 of the Dungeon.
             The game lasted 00:01:48 (891 turns).

Sonofthefire the Trooper (Octopode Shapeshifter)     Turns: 891, Time: 00:01:49

Health: -4/33      AC:  1    Str: 15    XL:     4   Next: 7%
Magic:  4/4        EV: 13    Int: 12    God:
Gold:   30         SH:  0    Dex: 11    Spells: 3/3 levels left

rFire   . .          .
                       - Unarmed
rCold   . . .        (no shield)
rNeg    . . .        (helmet currently unavailable)
rPois   .            (no amulet)
rElec   .            (no ring)
rCorr   .            (no ring)
SInv    .            (no ring)
Will    .....        (no ring)
Stlth   ++           (no ring)
HPRegen 0.25/turn    (no ring)
MPRegen 0.09/turn    (no ring)
                     (no ring)

%: no passive effects
@: beast-form
A: beast (slay +1), almost no armour, amphibious, 8 rings, camouflage 1,
gelatinous body 1, (nimble swimmer 1), tentacles
a: Begin Untransformation


You were on level 2 of the Dungeon.
You were a hulking beast.
You visited 1 branch of the dungeon, and saw 2 of its levels.

You collected 30 gold pieces.

Inventory:

Talismans
 b - a beast talisman
 c - a flux talisman
Scrolls
 d - 3 scrolls of identify {unknown}
 e - 2 scrolls of teleportation {unknown}
 f - a scroll of poison {unknown}
 h - a scroll of brand weapon {unknown}
 i - a scroll of enchant weapon {unknown}
 j - a scroll of immolation {unknown}
 k - a scroll of vulnerability {unknown}


   Skills:
 + Level 3.8 Fighting
 - Level 2.0 Dodging
 - Level 3.0 Unarmed Combat
 - Level 3.0 Shapeshifting


You had 3 spell levels left.
You didn't know any spells.
Your spell library was empty.

Dungeon Overview and Level Annotations

Branches:
Dungeon (2/15)

Altars:


Innate Abilities, Weirdness & Mutations

You are a hulking beast.
Your limbs bulge with bestial killing power. (Slay +1)
You cannot wear most types of armour.
You are amphibious.
You can wear up to eight rings at the same time.
Your skin changes colour to match your surroundings (Stealth+).
Your rubbery body absorbs attacks. (AC +1, EV +1)
((You are camouflaged when in or above water. (Stealth+)))
You have tentacles for arms and can constrict up to eight enemies at once.


Message History

The goblin hits you but does no damage. The gnoll hits you but does no damage.
The goblin hits you but does no damage. The gnoll barely misses you.
Your transformation is almost over.
The goblin hits you but does no damage. The gnoll hits you but does no damage.
The gnoll hits you but does no damage. The goblin hits you but does no damage.
The goblin hits you but does no damage. The gnoll completely misses you.
The frilled lizard hisses.
The goblin hits you but does no damage.
The gnoll hits you from afar with a +0 spear.
* * * LOW HITPOINT WARNING * * *
The goblin hits you but does no damage. The gnoll hits you but does no damage.
The goblin hits you but does no damage. The gnoll hits you but does no damage.
You feel less attractive to monsters. The gnoll hits you but does no damage.
The goblin hits you but does no damage. The goblin hits you with a +0 club.
* * * LOW HITPOINT WARNING * * *
The gnoll hits you but does no damage.
You feel less wooden.
You turn into a hulking beast.
The goblin hits you with a +0 club.
* * * LOW HITPOINT WARNING * * *
The gnoll barely misses you.
Things that are here:
a +0 dagger; a goblin corpse The goblin attacks as it pursues you!
The goblin hits you with a +0 club.
* * * LOW HITPOINT WARNING * * *
You aren't carrying any potions.
The goblin attacks as it pursues you! The goblin misses you.
You closely miss the goblin. Your grab misses the goblin.
The goblin completely misses you. The goblin attacks as it pursues you!
The goblin hits you with a +0 club.
* * * LOW HITPOINT WARNING * * *
The goblin attacks as it pursues you! The goblin hits you with a +0 club.
* * * LOW HITPOINT WARNING * * *
You barely miss the goblin. You grab the goblin. You squeeze the goblin.
You kill the goblin!
The gnoll attacks as it pursues you! The gnoll completely misses you.
The gnoll attacks as it pursues you! The gnoll closely misses you.
The gnoll attacks as it pursues you!
The gnoll hits you from afar with a +0 spear.
You die...

#...........#
###.##g..##.#
#..###)....#
##..###.###>+
.......r# # ###
........########
#<#
.........g......#
#.#
.....######.####.#
#.# ......
#h####.#######.# #
#..............#
#(####.#########
#......# ########


You could see a gnoll and a quokka.

Vanquished Creatures
  Robin (D:2)
  A gnoll (D:2)
  3 endoplasms
  2 giant cockroaches
  5 hobgoblins
  2 jackals (D:1)
  A quokka (D:1)
  4 ball pythons
  3 bats (D:1)
  A frilled lizard (D:1)
  10 goblins
  2 kobolds (D:1)
  2 rats (D:1)
37 creatures vanquished.

Notes
Turn   | Place    | Note
-------+----------+-------------------------------------------
     0 | D:1      | Sonofthefire the Octopode Shapeshifter began the quest for
                  | the Orb.
     0 | D:1      | Reached XP level 1. HP: 13/13 MP: 1/1
   139 | D:1      | Reached XP level 2. HP: 19/19 MP: 2/2
   429 | D:1      | Found a faded altar of an unknown god.
   547 | D:1      | Reached XP level 3. HP: 25/25 MP: 3/3
   813 | D:2      | Noticed Robin
   836 | D:2      | Killed Robin
   851 | D:2      | Reached XP level 4. HP: 11/33 MP: 4/4
   885 | D:2      | HP: 1/33 [goblin/+0 club[Robin] (3)]
   891 | D:2      | Slain by a gnoll

Illustrated notes

Levels and vault maps discovered:
D:1:      dpeg_arrival_morbid_curiosity, layout_basic,
          shapermc_ecumenical_altar_notcrosses, minmay_ruptured
D:2:      layout_basic, basic_altar, minmay_tetromino_i2, uniq_robin

Skill      XL: |  1  2  3 |
---------------+----------+-----
Fighting       | 2 3 |  3.8
Dodging        | |  2.0
Unarmed Combat | |  3.0
Shapeshifting  | |  3.0

Action                     |  1- 3 |  4- 6 || total
---------------------------+-------+-------++-------
  Melee: Unarmed           |    61 |     4 ||    65
         Constrict         |    19 |     1 ||    20
         Tentacles         |     9 |     1 ||    10
         Punch             |     3 |       ||     3
    Use: Potion            |     2 |       ||     2
   Stab: Sleeping          |     5 |       ||     5
 Armour: Skin              |    45 |    46 ||    91
  Dodge: Dodged            |    23 |    11 ||    34

Table legend: (Time is in decaauts)
 A = Elapsed time spent in this place.
 B = Non-inter-level travel time spent in this place.
 C = Inter-level travel time spent in this place.
 D = Time resting spent in this place.
 E = Time spent auto-exploring this place.
 F = Levels seen in this place.
 G = Mean time per level.
                   A        B        C        D        E       F      G
               +--------+--------+--------+--------+--------+-----+--------+
         Total |    887 |    845 |     42 |    119 |    526 |   2 |  443.5 |
       Dungeon |    887 |    845 |     42 |    119 |    526 |   2 |  443.5 |
               +--------+--------+--------+--------+--------+-----+--------+

Top non-repeatable levels by time:
     D:1: 760 daAuts
     D:2: 126 daAuts
